[Event "Team 45 45 League T88"]
[Site "Internet Chess Club"]
[Date "2021.05.27"]
[Round "8"]
[White "seldredg"]
[Black "Fulmar"]
[Result "1-0"]
[WhiteElo "1313"]
[BlackElo "1150"]
[Opening "Queen's pawn, Mason variation"]
[ECO "D00"]
[Time "12:31:44"]
[TimeControl "2700+45"]

1. d4 d5 2. Bf4 c6 3. e3 Bf5 4. c3 Nd7 5. Nd2 Ngf6 6. Ngf3 e6 7. Be2 Nh5 8. Bg3
f6 9. Nh4 Bg6 10. Bxh5 Bxh5 11. Qxh5+ Ke7 12. Ng6+ hxg6 13. Qxh8 Qb6 14. b3 c5
15. Qh7 Qa6 16. c4 Kf7 17. Qh3 cxd4 18. exd4 Bb4 19. Bf4 dxc4 20. O-O c3 21. Nc4
b5 22. Ne3 Ba3 23. Nc2 Bb2 24. Rab1 Qxa2 25. b4 Qb3 26. Qd3 a6 27. Bc1 Bxc1 28.
Rfxc1 Qc4 29. Qxc4 bxc4 30. Ne3 Nb6 31. Rxc3 a5 32. bxa5 Rxa5 33. Rxb6 Ra1+ 34.
Nf1 Ke7 35. Rxc4 Rd1 36. Ra4 f5 37. f4 Kf6 38. Rb7 Re1 39. Ra8 g5 40. fxg5+ Kxg5
41. Rxg7+ Kf4 42. Re8 Re2 43. d5 Ke5 44. Rxe6+ Kxd5 45. Rxe2 f4 46. Rg5+ Kd4 47.
Rd2+ Kc3 48. Rf5 f3 49. gxf3 Kb3 50. Re5 Ka4 51. Rd4+ Ka3 52. Re3+ Kb2 53. Rd2+
Ka1 54. Re1# {Black checkmated} 1-0